APP
BURLINGTON ROYALS @ OAKLAND (APP) ATHLETICS
09/21/2048
 
TOP OF THE 1ST
Burlington Royals batting - Pitching for Oakland (APP) Athletics : RHP Paul Olson
Pitching: RHP Paul Olson
Batting: RHB Shura Mogilny 0-0: Ball
1-0: Ball
2-0: Ball
3-0: Base on Balls
Batting: RHB David Rubio 0-0: Called Strike
0-1: Swinging Strike
0-2: Ball
1-2: Strikes out looking
Batting: RHB Hugo Chavez 0-0: Called Strike
Shura Mogilny steals 2nd base
0-1: Called Strike
0-2: Strikes out swinging
Batting: SHB Alex Cavazos 0-0: Called Strike
0-1: Called Strike
0-2: SINGLE (Line Drive, 5D, EV 103.1 MPH)
Shura Mogilny to third
Runner from 3rd tries for Home, SAFE, throw by LF to home
Batting: RHB Tim Williams 0-0: Swinging Strike
0-1: Ball
1-1: Called Strike
1-2: Strikes out looking
Top of the 1st over - 1 run, 1 hit, 0 errors, 1 left on base; Burlington 1 - Oakland (APP) 0
BOTTOM OF THE 1ST
Oakland (APP) Athletics batting - Pitching for Burlington Royals : RHP Alex Rivas
Pitching: RHP Alex Rivas
Batting: RHB Scott Lister 0-0: Ball
1-0: Called Strike
1-1: Called Strike
1-2: Ball
2-2: Strikes out looking
Batting: RHB Gabe Secundino 0-0: Foul Ball, location: 2F
0-1: Ground out 5-3 (Groundball, 56, EV 87.5 MPH)
Batting: LHB Alejandro Muniz 0-0: Called Strike
0-1: Swinging Strike
0-2: Ball
1-2: Ball
2-2: SINGLE (Groundball, 34D, EV 105.0 MPH)
Batting: LHB Roscoe Romaine 0-0: 2-RUN HOME RUN (Flyball, 7D, EV 98.8 MPH), Distance : 379 ft
Batting: LHB Felipe Gomez 0-0: Ball
1-0: Foul Ball, location: 2F
1-1: Ball
2-1: Swinging Strike
2-2: Ground out 3-1 (Groundball, 34, EV 88.1 MPH)
Bottom of the 1st over - 2 runs, 2 hits, 0 errors, 0 left on base; Burlington 1 - Oakland (APP) 2
TOP OF THE 2ND
Burlington Royals batting - Pitching for Oakland (APP) Athletics : RHP Paul Olson
Batting: LHB Jayden Pelayo 0-0: Ball
1-0: Swinging Strike
1-1: Foul Ball, location: 2F
1-2: Strikes out swinging
Batting: RHB Masakuni Takeuchi 0-0: Called Strike
0-1: Ball
1-1: Foul Ball, location: 2F
1-2: DOUBLE (Flyball, 8LXD, EV 108.8 MPH)
Batting: RHB Jason Conner 0-0: Called Strike
0-1: Called Strike
0-2: Ball
1-2: Fly out, F8 (Flyball, 8RD, EV 103.1 MPH)
Batting: RHB Dermott Ayliffe 0-0: Ball
1-0: Ground out 4-3 (Groundball, 4, EV 88.8 MPH)
Top of the 2nd over - 0 runs, 1 hit, 0 errors, 1 left on base; Burlington 1 - Oakland (APP) 2
BOTTOM OF THE 2ND
Oakland (APP) Athletics batting - Pitching for Burlington Royals : RHP Alex Rivas
Batting: RHB Ryan Jennings 0-0: Ball
1-0: Foul Ball, location: 2F
1-1: Ball
2-1: Called Strike
2-2: Foul Ball, location: 2F
2-2: Strikes out swinging
Pitching: RHP Chance Griffin
Batting: RHB Ricardo Claros 0-0: Called Strike
0-1: Fly out, F8 (Line Drive, 8RD, EV 93.8 MPH)
Batting: RHB Phoctor Dill 0-0: SOLO HOME RUN (Flyball, 7D, EV 102.5 MPH), Distance : 400 ft
Batting: LHB Bill Helmer 0-0: Ball
1-0: Called Strike
1-1: Ball
2-1: Foul Ball, location: 2F
2-2: Ground out 4-3 (Groundball, 4S, EV 78.1 MPH)
Bottom of the 2nd over - 1 run, 1 hit, 0 errors, 0 left on base; Burlington 1 - Oakland (APP) 3
TOP OF THE 3RD
Burlington Royals batting - Pitching for Oakland (APP) Athletics : RHP Paul Olson
Batting: RHB Shura Mogilny 0-0: Called Strike
0-1: Ball
1-1: Foul Ball, location: 2F
1-2: Ball
2-2: Ground out 4-3 (Groundball, 4, EV 87.5 MPH)
Batting: RHB David Rubio 0-0: Called Strike
0-1: Foul Ball, location: 2F
0-2: Foul Ball, location: 2F
0-2: Strikes out swinging
Batting: RHB Hugo Chavez 0-0: Called Strike
0-1: Ball
1-1: Swinging Strike
1-2: Foul Ball, location: 2F
1-2: Ball
2-2: Ball
3-2: Base on Balls
Batting: SHB Alex Cavazos 0-0: Fly out, F7 (Flyball, 7, EV 75.0 MPH)
Top of the 3rd over - 0 runs, 0 hits, 0 errors, 1 left on base; Burlington 1 - Oakland (APP) 3
BOTTOM OF THE 3RD
Oakland (APP) Athletics batting - Pitching for Burlington Royals : RHP Chance Griffin
Batting: RHB Scott Lister 0-0: Called Strike
0-1: Ball
1-1: Ball
2-1: Ball
3-1: Base on Balls
Batting: RHB Gabe Secundino 0-0: Foul Ball, location: 2F
0-1: Foul Ball, location: 2F
0-2: SINGLE (Groundball, 5S, EV 62.5 MPH) (infield hit)
Scott Lister to second
Batting: LHB Alejandro Muniz 0-0: Ball
1-0: Ball
2-0: Called Strike
2-1: Grounds into double play, 6-4-3 (Groundball, 6, EV 85.0 MPH)
Scott Lister to third
Batting: LHB Roscoe Romaine 0-0: Called Strike
0-1: Ground out 4-3 (Groundball, 4, EV 103.1 MPH)
Bottom of the 3rd over - 0 runs, 1 hit, 0 errors, 1 left on base; Burlington 1 - Oakland (APP) 3
TOP OF THE 4TH
Burlington Royals batting - Pitching for Oakland (APP) Athletics : RHP Paul Olson
Batting: RHB Tim Williams 0-0: Ball
1-0: Ground out 6-3 (Groundball, 56, EV 86.9 MPH)
Batting: LHB Jayden Pelayo 0-0: Swinging Strike
0-1: Ball
1-1: Ball
2-1: Foul Ball, location: 2F
2-2: Ball
3-2: Strikes out swinging
Batting: RHB Masakuni Takeuchi 0-0: Foul Ball, location: 2F
0-1: Called Strike
0-2: Ball
1-2: Strikes out swinging
Top of the 4th over - 0 runs, 0 hits, 0 errors, 0 left on base; Burlington 1 - Oakland (APP) 3
BOTTOM OF THE 4TH
Oakland (APP) Athletics batting - Pitching for Burlington Royals : RHP Chance Griffin
Batting: LHB Felipe Gomez 0-0: Fly out, F7 (Flyball, 7LS, EV 79.4 MPH)
Batting: RHB Ryan Jennings 0-0: Ground out 6-3 (Groundball, 56, EV 102.5 MPH)
Batting: RHB Ricardo Claros 0-0: Ball
1-0: Called Strike
1-1: Foul Ball, location: 2F
1-2: Ball
2-2: Foul Ball, location: 2F
2-2: SINGLE (Groundball, 4, EV 96.9 MPH)
Batting: RHB Phoctor Dill 0-0: Called Strike
0-1: Fielders Choice at 2nd, 6-4 (Groundball, 6, EV 105.0 MPH)
Bottom of the 4th over - 0 runs, 1 hit, 0 errors, 1 left on base; Burlington 1 - Oakland (APP) 3
TOP OF THE 5TH
Burlington Royals batting - Pitching for Oakland (APP) Athletics : RHP Paul Olson
Batting: RHB Jason Conner 0-0: Ball
1-0: Reached on error, E5 (Groundball, 56, EV 91.9 MPH)
Batting: RHB Dermott Ayliffe 0-0: Ball
Jason Conner is caught stealing 2nd base 2-4
1-0: Ground out 5-3 (Groundball, 56, EV 105.0 MPH)
Batting: RHB Shura Mogilny 0-0: Foul Ball, location: 2F
0-1: Foul Ball, location: 2F
0-2: Ground out 6-3 (Groundball, 6, EV 98.1 MPH)
Top of the 5th over - 0 runs, 0 hits, 1 error, 0 left on base; Burlington 1 - Oakland (APP) 3
BOTTOM OF THE 5TH
Oakland (APP) Athletics batting - Pitching for Burlington Royals : RHP Chance Griffin
Batting: LHB Bill Helmer 0-0: Bunted foul
0-1: Hit by Pitch
Batting: RHB Scott Lister 0-0: Ball
1-0: Ball
2-0: Ball
3-0: Called Strike
3-1: Called Strike
3-2: Base on Balls
Bill Helmer to second
Pitching: RHP Jordan Viveros
Batting: RHB Gabe Secundino 0-0: Ball
1-0: Ball
2-0: Called Strike
2-1: Foul Ball, location: 2F
2-2: Ball
3-2: Base on Balls
Bill Helmer to third
Scott Lister to second
Batting: LHB Alejandro Muniz 0-0: Ball
1-0: Ball
2-0: Ball
3-0: Called Strike
3-1: Base on Balls
Bill Helmer scores
Scott Lister to third
Gabe Secundino to second
Batting: LHB Roscoe Romaine 0-0: Called Strike
0-1: Foul Ball, location: 2F
0-2: Strikes out swinging
Batting: LHB Felipe Gomez 0-0: Ball
1-0: Ball
2-0: Ball
3-0: Called Strike
3-1: Swinging Strike
3-2: Foul Ball, location: 2F
3-2: Foul Ball, location: 2F
3-2: Base on Balls
Scott Lister scores
Gabe Secundino to third
Alejandro Muniz to second
Pitching: RHP Obiniana Gaters
Batting: RHB Ryan Jennings 0-0: Ball
1-0: Ball
2-0: Called Strike
2-1: Foul Ball, location: 2F
2-2: Ball
3-2: Foul Ball, location: 2F
3-2: Base on Balls
Gabe Secundino scores
Alejandro Muniz to third
Felipe Gomez to second
Batting: RHB Ricardo Claros 0-0: Ball
1-0: Ball
2-0: Ball
3-0: Called Strike
3-1: Called Strike
3-2: Foul Ball, location: 2F
3-2: Base on Balls
Alejandro Muniz scores
Felipe Gomez to third
Ryan Jennings to second
Batting: RHB Phoctor Dill 0-0: Ball
1-0: Swinging Strike
1-1: Ball
2-1: Foul Ball, location: 2F
2-2: Strikes out swinging
Batting: LHB Bill Helmer 0-0: Called Strike
0-1: Swinging Strike
0-2: Ball
1-2: Foul Ball, location: 2F
1-2: Ball
2-2: Ball
Passed Ball!
Felipe Gomez scores
Ryan Jennings to third
Ricardo Claros to second
3-2: Strikes out swinging
Bottom of the 5th over - 5 runs, 0 hits, 0 errors, 2 left on base; Burlington 1 - Oakland (APP) 8
TOP OF THE 6TH
Burlington Royals batting - Pitching for Oakland (APP) Athletics : RHP Paul Olson
Pitching: RHP Quincy Potvin
Batting: RHB David Rubio 0-0: Ground out 5-3 (Groundball, 56, EV 86.9 MPH)
Batting: RHB Hugo Chavez 0-0: Ball
1-0: Foul Ball, location: 2F
1-1: Foul Ball, location: 2F
1-2: Strikes out swinging
Batting: SHB Alex Cavazos 0-0: Ball
1-0: Ball
2-0: Foul Ball, location: 2F
2-1: Called Strike
2-2: Ball
3-2: SINGLE (Groundball, 4D, EV 97.5 MPH)
Batting: RHB Tim Williams 0-0: Foul Ball, location: 2F
0-1: Called Strike
0-2: Ball
1-2: Fly out, F9 (Flyball, 9, EV 96.9 MPH)
Top of the 6th over - 0 runs, 1 hit, 0 errors, 1 left on base; Burlington 1 - Oakland (APP) 8
BOTTOM OF THE 6TH
Oakland (APP) Athletics batting - Pitching for Burlington Royals : RHP Obiniana Gaters
Batting: RHB Scott Lister 0-0: Called Strike
0-1: Ball
1-1: Swinging Strike
1-2: Strikes out swinging
Batting: RHB Gabe Secundino 0-0: Ground out 3-1 (Groundball, 34, EV 82.5 MPH)
Batting: LHB Alejandro Muniz 0-0: Ground out 5-3 (Groundball, 56, EV 103.1 MPH)
Bottom of the 6th over - 0 runs, 0 hits, 0 errors, 0 left on base; Burlington 1 - Oakland (APP) 8
TOP OF THE 7TH
Burlington Royals batting - Pitching for Oakland (APP) Athletics : RHP Quincy Potvin
Batting: LHB Jayden Pelayo 0-0: Ball
1-0: Called Strike
1-1: Called Strike
1-2: Ground out 6-3 (Groundball, 4S, EV 87.5 MPH)
Batting: RHB Masakuni Takeuchi 0-0: Ball
1-0: Fly out, F7 (Flyball, 7, EV 86.9 MPH)
Batting: RHB Jason Conner 0-0: Called Strike
0-1: Called Strike
0-2: Foul Ball, location: 2F
0-2: Strikes out swinging
Top of the 7th over - 0 runs, 0 hits, 0 errors, 0 left on base; Burlington 1 - Oakland (APP) 8
BOTTOM OF THE 7TH
Oakland (APP) Athletics batting - Pitching for Burlington Royals : RHP Obiniana Gaters
Batting: LHB Roscoe Romaine 0-0: Swinging Strike
0-1: Called Strike
0-2: Foul Ball, location: 2F
0-2: Strikes out swinging
Batting: LHB Felipe Gomez 0-0: Ball
1-0: Ball
2-0: Ball
3-0: Called Strike
3-1: Foul Ball, location: 2F
3-2: Base on Balls
Pitching: RHP Jerry Yusko
Batting: RHB Ryan Jennings 0-0: SINGLE (Line Drive, 4MD, EV 107.5 MPH)
Felipe Gomez to second
Batting: RHB Ricardo Claros 0-0: Called Strike
0-1: Ball
1-1: Swinging Strike
1-2: Foul Ball, location: 2F
1-2: Ball
2-2: Ball
3-2: Foul Ball, location: 2F
3-2: Foul Ball, location: 2F
3-2: Foul Ball, location: 2F
3-2: Base on Balls
Felipe Gomez to third
Ryan Jennings to second
Batting: RHB Phoctor Dill 0-0: Called Strike
0-1: Ball
1-1: Ball
2-1: Ball
3-1: Base on Balls
Felipe Gomez scores
Ryan Jennings to third
Ricardo Claros to second
Pinch Hitting: RHB Nathaniel Adderley 0-0: Called Strike
0-1: Grounds into double play, 4-6-3 (Groundball, 4, EV 82.5 MPH)
Bottom of the 7th over - 1 run, 1 hit, 0 errors, 2 left on base; Burlington 1 - Oakland (APP) 9
TOP OF THE 8TH
Burlington Royals batting - Pitching for Oakland (APP) Athletics : RHP Quincy Potvin
Now in CF: Nathaniel Adderley
Batting: RHB Dermott Ayliffe 0-0: Ball
1-0: Ground out 5-3 (Groundball, 56, EV 110.6 MPH)
Batting: RHB Shura Mogilny 0-0: Foul Ball, location: 2F
0-1: Ball
1-1: Swinging Strike
1-2: Strikes out looking
Batting: RHB David Rubio 0-0: Hit by Pitch
Batting: RHB Hugo Chavez 0-0: Foul Ball, location: 2F
0-1: Ball
1-1: SINGLE (Groundball, 4MD, EV 99.4 MPH)
David Rubio to second
Runner from 2nd tries for 3rd, SAFE, throw by CF made to third
Batting: SHB Alex Cavazos 0-0: Ball
1-0: Foul Ball, location: 2F
1-1: Swinging Strike
1-2: Ball
2-2: Foul Ball, location: 2F
2-2: Foul Ball, location: 2F
2-2: Foul Ball, location: 2F
2-2: Foul Ball, location: 2F
2-2: Ball
3-2: Base on Balls
Hugo Chavez to second
Batting: RHB Tim Williams 0-0: Ball
1-0: Ball
2-0: Ball
3-0: Called Strike
3-1: Base on Balls
David Rubio scores
Hugo Chavez to third
Alex Cavazos to second
Pitching: RHP Albie Cisneros
Batting: LHB Jayden Pelayo 0-0: Ground out U3 (Groundball, 3L, EV 105.6 MPH)
Top of the 8th over - 1 run, 1 hit, 0 errors, 3 left on base; Burlington 2 - Oakland (APP) 9
BOTTOM OF THE 8TH
Oakland (APP) Athletics batting - Pitching for Burlington Royals : RHP Jerry Yusko
Batting: RHB Scott Lister 0-0: Ball
1-0: Ball
2-0: Ball
3-0: Called Strike
3-1: Base on Balls
Pitching: RHP Joey Ferguson
Batting: RHB Gabe Secundino 0-0: Called Strike
0-1: Called Strike
Scott Lister is caught stealing 2nd base 2-4
0-2: Strikes out looking
Pinch Hitting: RHB Pete Goerge 0-0: Foul Ball, location: 2F
0-1: Ground out 6-3 (Groundball, 6M, EV 83.1 MPH)
Bottom of the 8th over - 0 runs, 0 hits, 0 errors, 0 left on base; Burlington 2 - Oakland (APP) 9
TOP OF THE 9TH
Burlington Royals batting - Pitching for Oakland (APP) Athletics : RHP Albie Cisneros
Now at 1B: Pete Goerge
Batting: RHB Masakuni Takeuchi 0-0: Called Strike
0-1: Ground out 4-3 (Groundball, 4M, EV 95.0 MPH)
Batting: RHB Jason Conner 0-0: Foul Ball, location: 2F
0-1: Ball
1-1: Ground out 5-3 (Groundball, 56, EV 101.9 MPH)
Batting: RHB Dermott Ayliffe 0-0: Called Strike
0-1: Ball
1-1: Foul Ball, location: 2F
1-2: Strikes out swinging
Top of the 9th over - 0 runs, 0 hits, 0 errors, 0 left on base; Burlington 2 - Oakland (APP) 9
Tuesday, March 28th , 2023 - OOTP Baseball 23.10 Build 110